 Dungeon Crawl Stone Soup version 0.25-a0-419-g7650d0de75 (webtiles) character file.

Game seed: 2428975885616673422, levelgen mode: deterministic

540107 Borgoz the Shatterer (level 25, 0/175 HPs)
             Began as a Gargoyle Berserker on Jan 17, 2020.
             Was a High Priest of Trog.
             Slain by an emperor scorpion (16 damage)
             ... summoned by a greater mummy
             ... on level 2 of the Tomb of the Ancients.
             The game lasted 03:03:38 (58390 turns).

Borgoz the Shatterer (Gargoyle Berserker)          Turns: 58390, Time: 03:03:39

Health: 0/175      AC: 53    Str: 19 (26) XL:     25   Next: 95%
Magic:  23/23      EV: 22    Int: 17      God:    Trog [*****.]
Gold:   4393       SH:  0    Dex: 20 (22) Spells: 24/24 levels left

rFire    + + +     SeeInvis .   b - +10 great mace of Qiatt {vorpal, Fragile Int+3 Dex+4}
rCold    + . .     Gourm    .   (shield currently unavailable)
rNeg     + + +     Faith    .   U - +10 chain mail "Dickoq" {MR+}
rPois    ∞         Spirit   .   C - +2 hat of Cubonull {Slay+3}
rElec    +         Reflect  +   P - scarf {repulsion}
rCorr    .         Harm     .   W - +2 pair of gloves {Str+3}
MR       +++..                  T - +1 pair of boots of the Disturbing Wars {rF+ rN+ Int+3}
Stlth    ..........             z - amulet "Qainikao" {Reflect rC+ rN+ MR+ SH+2}
HPRegen  0.39/turn              p - ring "Gimpupp" {+Inv rF+ Dex+4 Slay+3}
MPRegen  0.18/turn              V - ring of protection from fire

@: confused, flying, very slightly contaminated, slowed, repel missiles, very
slow
A: big wings, negative energy resistance 1, electricity resistance, weak 1,
unbreathing, petrification resistance, rot immunity, AC +19
}: 3/15 runes: barnacled, silver, gossamer
a: Stop Flying, Berserk, Trog's Hand, Brothers in Arms, Renounce Religion, Evoke
Invisibility


You were on level 2 of the Tomb of the Ancients.
You worshipped Trog.
Trog was extremely pleased with you.
You were not hungry.

You visited 10 branches of the dungeon, and saw 45 of its levels.
You visited 1 bazaar.
You also visited: Trove, Sewer, Gauntlet, Ice Cave and Volcano.

You collected 7118 gold pieces.
You spent 2725 gold pieces at shops.

Inventory:

Hand Weapons
 b - the +10 great mace of Qiatt (weapon) {vorpal, Fragile Int+3 Dex+4}
   (Trog gifted it to you on level 1 of the Elven Halls)

   It inflicts extra damage upon your enemies.
   It affects your intelligence (+3).
   It affects your dexterity (+4).
   It will be destroyed if unequipped.
 D - a +9 antimagic great mace
Missiles
 B - 11 throwing nets (quivered)
Armour
 C - the +2 hat of Cubonull (worn) {Slay+3}
   (You bought it in a shop in a bazaar)

   It affects your accuracy and damage with ranged weapons and melee attacks
   (+3).
 P - a scarf of repulsion (worn)
 T - the +1 pair of boots of the Disturbing Wars (worn) {rF+ rN+ Int+3}
   (You found it in a treasure trove)

   It affects your intelligence (+3).
   It protects you from fire.
   It protects you from negative energy.
 U - the +10 chain mail "Dickoq" (worn) {MR+}
   (You took it off a deep elf high priest on level 3 of the Elven Halls)

   It affects your resistance to hostile enchantments.
 W - a +2 pair of gloves of strength (worn)
Jewellery
 a - a +4 ring of evasion
 p - the ring "Gimpupp" (left hand) {+Inv rF+ Dex+4 Slay+3}
   (You bought it in a shop on level 12 of the Dungeon)

   [ring of protection from fire]

   It affects your dexterity (+4).
   It affects your accuracy and damage with ranged weapons and melee attacks
   (+3).
   It protects you from fire.
   It lets you turn invisible.
 q - the amulet "Uduwerog" {Regen+ Int+2 Dex+5}
   (You found it on level 6 of the Lair of Beasts)

   [amulet of regeneration]

   It affects your intelligence (+2).
   It affects your dexterity (+5).
   It increases your rate of regeneration.
 v - an uncursed ring of resist corrosion
 z - the amulet "Qainikao" (around neck) {Reflect rC+ rN+ MR+ SH+2}
   (You took it off a centaur on level 11 of the Dungeon)

   [amulet of reflection]

   It shields you and reflects attacks.
   It protects you from cold.
   It protects you from negative energy.
   It affects your resistance to hostile enchantments.
   It affects your SH (+2).
 G - an uncursed ring of see invisible
 V - a ring of protection from fire (right hand)
Wands
 o - a wand of digging (13)
 s - a wand of disintegration (54)
 u - a wand of clouds (11)
 A - a wand of acid (40)
 F - a wand of scattershot (13)
 H - a wand of iceblast (25)
 J - a wand of paralysis (21)
Scrolls
 f - 8 scrolls of fog
 g - 7 scrolls of fear
 k - 10 scrolls of magic mapping
 l - 10 scrolls of teleportation
 n - 9 scrolls of blinking
 w - 22 scrolls of remove curse
 y - 4 scrolls of immolation
 O - a scroll of silence
 S - 3 scrolls of summoning
Potions
 d - 4 potions of ambrosia
 e - 2 potions of invisibility
 h - 16 potions of curing
 i - a potion of heal wounds
 j - 5 potions of might
 m - 6 potions of agility
 r - 8 potions of haste
 x - 5 potions of berserk rage
 I - 3 potions of cancellation
 L - 4 potions of resistance
 M - 11 potions of mutation
Comestibles
 c - 63 rations


   Skills:
 + Level 22.9 Fighting
 + Level 23.2 Maces & Flails
 + Level 21.2 Armour
 + Level 20.1 Dodging


You had 24 spell levels left.
You didn't know any spells.
Your spell library was empty.

Dungeon Overview and Level Annotations

Branches:
Dungeon (15/15)            Temple (1/1) D:5            Lair (6/6) D:9
 Shoals (4/4) Lair:2       Spider (4/4) Lair:4        Slime (0/5) Lair:5
    Orc (2/2) D:12            Elf (3/3) Orc:2        Vaults (5/5) D:14
  Crypt (3/3) Vaults:2       Tomb (1/3) Crypt:3      Depths (0/5) D:15
  Sewer (visited)           IceCv (visited)         Volcano (visited)
Gauntlet (visited)

Altars:
Ashenzari
Cheibriados
Dithmenos
Elyvilon
Fedhas
Gozag
Hepliaklqana
Kikubaaqudgha
Makhleb
Nemelex Xobeh
Okawaru
Qazlal
Ru
Sif Muna
Trog
Uskayaw
Vehumet
Wu Jian
Xom
Yredelemnul
Zin
The Shining One
Beogh
Jiyva

Shops:
D:6 !   D:12 =   Orc:2 ?:(}[   Elf:2 *(   Elf:3 %   Shoals:3 [   Vaults:3 (
Crypt:2 *


Innate Abilities, Weirdness & Mutations

You are resistant to torment.
Your stone body is resilient. (AC +19)
You are immune to poison.
Your large and strong wings let you fly indefinitely.
You resist negative energy. (rN+)
You are resistant to electric shocks. (rElec)
You can survive without breathing.
You are immune to petrification.
You are immune to rotting.
You are weak. (Str -2)


Message History

The spectral mist engulfs the guardian mummy but does no damage.
The emperor scorpion is engulfed in spectral mist.
The orange demon stings you but does no damage.
The emperor scorpion completely misses you.
The emperor scorpion barely misses you.
The emperor scorpion claws you but does no damage.
The emperor scorpion is engulfed in spectral mist.
The greater mummy barely misses you. The emperor scorpion misses you.
The emperor scorpion claws you but does no damage.
The emperor scorpion closely misses you.
The emperor scorpion stings you but does no damage.
The emperor scorpion completely misses you.
The emperor scorpion claws you but does no damage.
You hit the greater mummy.
The greater mummy is severely damaged.
The orange demon completely misses you.
The emperor scorpion is engulfed in spectral mist.
The greater mummy casts a spell.
The mummy hits you but does no damage. The emperor scorpion stings you!
You die...

###'### #..^..#....
#^....#...# ..
#.....#..? ...
#.....#.^# ....
#....4#..##....
#..4MM#..<.....
#...s@#ss.s.[.........
#..MsssssMMs..........
###s###ssMss.##.......
#sss..#sLssM.##.......
#MM)..#ss#s....Z§.....
#..s..#8##M.....Z.....
#.....#s#L°....s...?..
#.....#..4Z234........
#.....#.#s.MssMM......


You could see 3 greater mummies, 17 emperor scorpions, a revenant, an orange
demon, a guardian mummy, a rust devil, 3 death scarabs and 5 mummies.

Vanquished Creatures
  A greater mummy (Tomb:1)
  Margery (Vaults:2)
  A golden dragon (Vaults:5)
  Nikola (Shoals:3)
  Jory (Crypt:3)
  Arachne (Spider:2)
  3 liches
  Jorgrun (D:12)
  3 tentacled monstrosities (Vaults:5)
  The ghost of Muecso the Tortoise, an adept GrFi of Makhleb (Crypt:2)
  2 titans (Vaults:5)
  2 deep elf blademasters (Elf:3)
  2 deep elf master archers (Elf:3)
  A quicksilver dragon (Vaults:5)
  2 krakens
  6 sphinxes
  3 ancient champions
  Gastronok (D:10)
  Frances (Spider:1)
  8 tengu reavers
  3 shadow dragons (Vaults:5)
  Ilsuiw (Shoals:4)
  4 storm dragons
  5 revenants
  Donald (Shoals:2)
  A frost giant (shapeshifter) (Vaults:5)
  A frost giant (IceCv)
  3 fire giants
  An iron dragon (Vaults:5)
  3 ghost moths (Spider:4)
  15 vault wardens
  A curse skull (Crypt:2)
  A caustic shrike zombie (Crypt:3)
  2 deep elf elementalists (Elf:3)
  4 deep elf sorcerers
  Aizul (Shoals:3)
  2 emperor scorpions (Spider:4)
  7 ghouls
  4 very ugly things (Vaults:5)
  13 stone giants
  16 ironheart preservers
  6 war gargoyles
  A large abomination (Vaults:5)
  15 vampire knights
  An entropy weaver (shapeshifter) (Vaults:2)
  A caustic shrike skeleton (Crypt:3)
  7 entropy weavers
  3 deep elf demonologists
  4 spark wasps
  A minotaur (Gauntlet)
  8 deep elf annihilators
  7 eidola
  11 deep elf death magi
  Snorg (Lair:4)
  6 ettins
  10 mummy priests
  7 jiangshi
  Josephine (D:15)
  6 merfolk javelineers (Shoals:4)
  10 yaktaur captains
  5 fire dragons
  8 merfolk impalers
  9 ogre magi
  Erolcha (Orc:2)
  5 deep elf high priests
  Fannar (D:12)
  3 rakshasas
  Harold (D:7)
  4 great orbs of eyes
  3 ice dragons (Vaults:4)
  32 vault guards
  2 merfolk avatars (Shoals:2)
  11 hydras
  6 death knights
  11 centaur warriors
  31 two-headed ogres
  2 satyrs
  6 merfolk aquamancers (Shoals:4)
  An anaconda (Lair:6)
  29 dancing weapons
  29 death scarabs (Tomb:1)
  3 deep troll shamans
  14 death yaks
  3 tengu warriors (D:15)
  6 vampire magi
  A storm dragon zombie (Crypt:1)
  Sonja (D:12)
  5 hell knights (Vaults:2)
  37 skeletal warriors
  Nergalle (D:10)
  2 shadow wraiths
  29 deep elf knights
  16 deep trolls
  2 unseen horrors
  A small abomination (Vaults:5)
  9 sea snakes
  2 glowing orange brains
  A golden dragon zombie (Crypt:3)
  3 flayed ghosts
  25 phantasmal warriors
  An orange crystal statue (Tomb:1)
  2 wizards (D:15)
  29 deep elf archers
  21 orc knights
  3 obsidian statues
  A harpy (Vaults:2)
  A shadow dragon zombie (Crypt:3)
  3 necromancers
  22 ironbrand convokers
  A stone giant zombie (Crypt:3)
  16 ugly things
  44 wolf spiders
  3 wolf spider zombies
  69 deep elf magi
  A shadow dragon skeleton (Crypt:1)
  A fire giant zombie (Crypt:3)
  10 fauns
  19 orb spiders
  A faun (shapeshifter) (Vaults:1)
  A worldbinder (Gauntlet)
  A moth of wrath (Spider:4)
  2 oklob plants
  7 manticores
  2 frost giant zombies (Crypt:3)
  9 cyclopes
  A salamander (shapeshifter) (Vaults:1)
  11 elephants
  15 merfolk sirens
  11 vault sentinels
  A fire giant skeleton (Crypt:1)
  2 frost giant skeletons
  A shock serpent zombie (Tomb:1)
  Maurice (D:10)
  A guardian serpent (shapeshifter) (Vaults:4)
  A dire elephant zombie (Crypt:3)
  9 water nymphs
  2 guardian serpents
  5 torpor snails
  7 black mambas
  2 centaur zombies (D:11)
  A naga mage (D:15)
  Psyche (D:12)
  8 gargoyles
  14 freezing wraiths
  3 centaur skeletons
  A molten gargoyle (Volcano)
  Joseph (D:7)
  An emperor scorpion zombie (Crypt:3)
  16 spiny frogs
  5 komodo dragons
  2 rime drakes (shapeshifter)
  47 yaktaurs
  14 demonic crawlers
  A death yak skeleton (Crypt:3)
  3 efreet
  30 polar bears
  A harpy zombie (Crypt:3)
  31 merfolk
  A tengu conjurer (D:14)
  A purple draconian skeleton (Crypt:3)
  2 ice devils (D:14)
  43 jumping spiders
  10 guardian mummies
  A polar bear (shapeshifter) (Vaults:5)
  12 trolls
  A merfolk (shapeshifter) (Vaults:4)
  3 wind drakes
  9 hornets
  3 bog bodies (Crypt:2)
  A harpy skeleton (D:15)
  A guardian serpent zombie (Crypt:3)
  20 blink frogs
  15 hippogriffs
  A raiju (Lair:6)
  A dream sheep (shapeshifter) (D:13)
  6 dream sheep
  11 slime creatures
  5 snapping turtles
  2 fire dragon zombies (Crypt:3)
  A stone giant simulacrum (Crypt:1)
  An ice dragon zombie (Crypt:3)
  4 shadows
  5 flying skulls (Tomb:1)
  A shapeshifter (Vaults:1)
  84 redbacks
  A spriggan (D:7)
  13 water elementals
  44 tarantellas
  14 wraiths
  4 air elementals
  2 vampires
  13 wyverns
  A centaur simulacrum (D:15)
  An ushabti (Tomb:1)
  3 hogs (D:14)
  2 basilisks
  4 fire elementals
  A human (shapeshifter) (Vaults:4)
  A dire elephant simulacrum (Crypt:1)
  88 yaks
  A hog (shapeshifter) (Vaults:2)
  8 fire bats (Volcano)
  A wind drake skeleton (Crypt:2)
  2 hungry ghosts
  14 vampire mosquitoes
  13 wargs
  A steam dragon (D:9)
  A warg (shapeshifter) (Vaults:3)
  A catoblepas simulacrum (Crypt:1)
  A monstrous demonspawn zombie (Crypt:2)
  18 water moccasins
  2 acid dragons
  14 hell hounds (Lair:6)
  6 porcupines
  A swamp drake (D:12)
  8 sky beasts
  18 black bears
  58 orc warriors
  An eye of draining (shapeshifter) (Vaults:3)
  An eye of draining (D:14)
  5 necrophages
  4 ice beasts
  29 ogres
  2 phantoms
  2 boggarts (Gauntlet)
  A black mamba simulacrum (Tomb:1)
  A dream sheep skeleton (Crypt:1)
  31 wolves
  31 centaurs
  A snapping turtle skeleton (Tomb:1)
  A torpor snail zombie (Crypt:2)
  13 crocodiles
  A salamander zombie (Crypt:2)
  A bullfrog (shapeshifter) (Vaults:3)
  3 wyvern zombies
  An ogre simulacrum (Vaults:1)
  25 bullfrogs
  7 earth elementals
  7 scorpions
  2 human simulacra
  An orc simulacrum (Vaults:2)
  10 killer bees
  16 wights
  3 electric eels
  2 howler monkeys
  5 lava snakes (Volcano)
  A spriggan skeleton (Crypt:1)
  9 crimson imps
  2 bullfrog zombies
  15 hounds
  4 quasits
  A basilisk zombie (Crypt:3)
  16 orc priests
  A soldier ant zombie (Crypt:2)
  A demonspawn skeleton (Crypt:3)
  2 jellies
  29 orc wizards
  5 bullfrog skeletons
  4 hell rats (Lair:3)
  12 worker ants
  Natasha (thrice) (D:2)
  6 iguanas
  A killer bee zombie (D:5)
  A deep dwarf skeleton (Crypt:2)
  A hound zombie (D:7)
  A felid skeleton (Crypt:2)
  2 hound skeletons (D:5)
  11 mummies
  2 worker ant zombies
  20 adders
  3 gnolls (D:8)
  6 river rats (Sewer)
  A steam dragon skeleton (Crypt:3)
  6 shadow imps
  3 white imps (D:14)
  2 ufetubi (D:14)
  2 oozes (D:3)
  An adder skeleton (D:6)
  A lava snake skeleton (Crypt:2)
  7 worms
  A dart slug (D:2)
  8 leopard geckos
  125 orcs
  8 bats
  8 giant cockroaches
  18 goblins
  8 hobgoblins
  13 jackals
  7 quokkas
  15 ball pythons
  10 frilled lizards
  A jackal skeleton (Crypt:3)
  5 kobolds
  A kobold zombie (Crypt:2)
  An orc zombie (Crypt:3)
  29 rats
  A fungus (Lair:1)
  3 plants
  A tentacle (Shoals:3)
2375 creatures vanquished.

Vanquished Creatures (collateral kills)
  A deep elf demonologist (Elf:3)
  2 bennus (Tomb:1)
  A deep elf death mage (Elf:3)
  An oklob plant (Lair:3)
  2 wolf spiders (Spider:4)
  2 orb spiders (Spider:4)
  A merfolk siren (Shoals:4)
  The ghost of Yorgos the Poker, a novice OpMo (D:4)
  A guardian mummy (Tomb:1)
  A jumping spider (Spider:2)
  3 tarantellas (Spider:4)
  2 ushabtiu (Tomb:1)
  3 mummies
21 creatures vanquished.

Vanquished Creatures (others)
  A sphinx (Tomb:1)
  A jumping spider (Vaults:4)
  2 centaurs
  A ball lightning (Tomb:1)
  7 fungi
  14 plants (Lair:6)
  20 tentacles
46 creatures vanquished.

Grand Total: 2442 creatures vanquished

Notes
Turn   | Place    | Note
-------+----------+-------------------------------------------
     0 | D:1      | Borgoz the Gargoyle Berserker began the quest for the Orb.
     0 | D:1      | Reached XP level 1. HP: 14/14 MP: 1/1
    23 | D:1      | Reached XP level 2. HP: 16/19 MP: 2/2
   382 | D:1      | Reached XP level 3. HP: 14/23 MP: 3/3
   662 | D:1      | Reached ** piety under Trog
  1126 | D:2      | Noticed Natasha
  1139 | D:2      | Killed Natasha
  1139 | D:2      | Reached XP level 4. HP: 25/29 MP: 4/4
  1261 | D:2      | Found a radiant altar of Vehumet.
  1262 | D:2      | Found a burning altar of Makhleb.
  1314 | D:2      | Found a snail-covered altar of Cheibriados.
  1775 | D:2      | Noticed Natasha
  1783 | D:2      | Killed Natasha
  1783 | D:2      | Reached XP level 5. HP: 33/33 MP: 5/5
  1816 | D:2      | Noticed Natasha
  1822 | D:2      | Killed Natasha
  2075 | D:3      | Reached *** piety under Trog
  2123 | D:3      | Found a glowing drain.
  2128 | Sewer    | Entered a sewer
  2170 | Sewer    | Reached skill level 4 in Maces & Flails
  2355 | Sewer    | Reached XP level 6. HP: 39/39 MP: 6/6
  2487 | Sewer    | Reached **** piety under Trog
  2961 | D:3      | Reached skill level 5 in Fighting
  3160 | D:3      | Reached XP level 7. HP: 44/44 MP: 7/7
  3964 | D:4      | Reached skill level 5 in Armour
  4005 | D:4      | Reached skill level 5 in Maces & Flails
  4319 | D:4      | Reached XP level 8. HP: 51/51 MP: 8/8
  4479 | D:4      | Found a runed translucent door.
  4479 | D:4      | Noticed Yorgos's ghost (novice OpMo)
  4544 | D:4      | Killed Yorgos's ghost
  4625 | D:5      | Entered Level 5 of the Dungeon
  4655 | D:5      | Found a hazy altar of Hepliaklqana.
  4888 | D:5      | Reached skill level 6 in Maces & Flails
  5153 | D:5      | Found an ornate altar of the Wu Jian Council.
  5167 | D:5      | Reached skill level 5 in Dodging
  5183 | D:5      | Found a stormy altar of Qazlal.
  5224 | D:5      | Reached XP level 9. HP: 57/57 MP: 9/9
  5315 | D:5      | Found a staircase to the Ecumenical Temple.
  5377 | D:5      | Found a glowing golden altar of the Shining One.
  5400 | Temple   | Entered the Ecumenical Temple
  5737 | D:6      | Reached ***** piety under Trog
  5737 | D:6      | Received a gift from Trog
  5752 | D:6      | Found Quntir's Distillery.
  5781 | D:6      | Bought a potion of heal wounds for 75 gold pieces
  5781 | D:6      | Bought a potion of heal wounds for 75 gold pieces
  5796 | D:6      | Reached skill level 7 in Maces & Flails
  6765 | D:7      | Noticed Harold
  6791 | D:7      | Killed Harold
  6791 | D:7      | Reached skill level 8 in Maces & Flails
  6981 | D:7      | Reached XP level 10. HP: 65/65 MP: 10/10
  7158 | D:7      | Noticed Joseph
  7168 | D:7      | Killed Joseph
  7523 | D:7      | Found a shimmering blue altar of Sif Muna.
  8109 | D:8      | Found a blossoming altar of Fedhas.
  8143 | D:8      | Noticed a two-headed ogre
  8151 | D:8      | Killed a two-headed ogre
  8151 | D:8      | Reached skill level 10 in Fighting
  8151 | D:8      | Reached skill level 9 in Maces & Flails
  8227 | D:8      | Found a white marble altar of Elyvilon.
  8249 | D:8      | Received a gift from Trog
  8338 | D:8      | Found a bloodstained altar of Trog.
  8338 | D:8      | Noticed a two-headed ogre
  8343 | D:8      | Killed a two-headed ogre
  8449 | D:8      | Reached XP level 11. HP: 73/73 MP: 11/11
  8750 | D:9      | Reached skill level 10 in Maces & Flails
  8842 | D:9      | Found a shadowy altar of Dithmenos.
  8849 | D:9      | Found a shattered altar of Ashenzari.
  8886 | D:9      | Found a glowing silver altar of Zin.
  9190 | D:9      | Found a staircase to the Lair.
  9331 | Lair:1   | Entered Level 1 of the Lair of Beasts
  9560 | Lair:1   | Received a gift from Trog
  9840 | Lair:1   | Noticed a five-headed hydra
  9848 | Lair:1   | Killed a five-headed hydra
 10450 | Lair:2   | Reached skill level 11 in Maces & Flails
 10463 | Lair:2   | Reached XP level 12. HP: 81/81 MP: 12/12
 10707 | Lair:2   | Found a staircase to the Shoals.
 10922 | Lair:2   | Noticed a four-headed hydra
 10928 | Lair:2   | Killed a four-headed hydra
 12043 | Lair:3   | Reached skill level 10 in Dodging
 12136 | Lair:4   | Found a hole to the Spider Nest.
 12165 | Lair:4   | Noticed a death yak
 12165 | Lair:4   | Noticed a death yak
 12166 | Lair:4   | Noticed a death yak
 12166 | Lair:4   | Noticed a death yak
 12166 | Lair:4   | Noticed a death yak
 12166 | Lair:4   | Noticed a death yak
 12179 | Lair:4   | Killed a death yak
 12179 | Lair:4   | Received a gift from Trog
 12179 | Lair:4   | Reached skill level 10 in Armour
 12183 | Lair:4   | Killed a death yak
 12183 | Lair:4   | Reached skill level 12 in Maces & Flails
 12189 | Lair:4   | Killed a death yak
 12194 | Lair:4   | Killed a death yak
 12199 | Lair:4   | Killed a death yak
 12204 | Lair:4   | Killed a death yak
 12204 | Lair:4   | Reached XP level 13. HP: 77/88 MP: 13/13
 12589 | Lair:4   | Noticed Snorg
 12595 | Lair:4   | Got a bloodstained scimitar
 12601 | Lair:4   | Killed Snorg
 13095 | Lair:4   | Identified the +3 scimitar of Spite {speed, rElec Int+2}
                  | (You found it on level 4 of the Lair of Beasts)
 13140 | Lair:5   | Found a runed translucent door.
 13140 | Lair:5   | Found a viscous altar of Jiyva.
 13140 | Lair:5   | Found a staircase to the Slime Pits.
 13372 | Lair:5   | Found a dark tunnel.
 13382 | Volcano  | Entered a volcano
 13413 | Volcano  | Reached skill level 13 in Maces & Flails
 13489 | Volcano  | Noticed a stone giant
 13519 | Volcano  | Killed a stone giant
 13531 | Volcano  | Found a burning altar of Makhleb.
 14631 | Lair:6   | Entered Level 6 of the Lair of Beasts
 14641 | Lair:6   | Gained mutation: Your large and strong wings let you fly
                  | indefinitely. [Gargoyle growth]
 14641 | Lair:6   | Reached XP level 14. HP: 96/96 MP: 14/14
 14748 | Lair:6   | Received a gift from Trog
 14753 | Lair:6   | Got a shimmering dire flail {god gift}
 14754 | Lair:6   | Identified the +8 dire flail of Lar Gimi {crush, Int+5
                  | Stlth+} (Trog gifted it to you on level 6 of the Lair of
                  | Beasts)
 15025 | Lair:6   | Reached skill level 15 in Fighting
 15083 | Lair:6   | Got a bound amethyst amulet
 15162 | Lair:6   | Reached skill level 14 in Maces & Flails
 15337 | Lair:6   | Identified the amulet "Uduwerog" {Regen+ Int+2 Dex+5} (You
                  | found it on level 6 of the Lair of Beasts)
 15740 | Lair:6   | Received a gift from Trog
 16524 | D:10     | Entered Level 10 of the Dungeon
 16569 | D:10     | Reached XP level 15. HP: 103/103 MP: 15/15
 16664 | D:10     | Received a gift from Trog
 16897 | D:10     | Noticed Nergalle
 16907 | D:10     | Killed Nergalle
 17012 | D:10     | Noticed Maurice
 17023 | D:10     | Noticed Gastronok
 17037 | D:10     | Killed Maurice
 17048 | D:10     | Killed Gastronok
 17281 | D:11     | Reached skill level 15 in Maces & Flails
 17341 | D:11     | Found a sparkling altar of Nemelex Xobeh.
 17381 | D:11     | Identified the amulet "Qainikao" {Reflect rC+ rN+ MR+ SH+2}
 17485 | D:11     | Received a gift from Trog
 18178 | D:12     | Noticed Psyche
 18195 | D:12     | Killed Psyche
 18337 | D:12     | Noticed Jorgrun
 18348 | D:12     | Killed Jorgrun
 18385 | D:12     | Noticed Sonja
 18401 | D:12     | Killed Sonja
 18419 | D:12     | Found Geecwaur's Jewellery Boutique.
 18444 | D:12     | Bought the ring "Gimpupp" {+Inv rF+ Dex+4 Slay+3} for 1080
                  | gold pieces
 18465 | D:12     | Noticed Fannar
 18474 | D:12     | Killed Fannar
 18853 | D:12     | Received a gift from Trog
 18855 | D:12     | Found a staircase to the Orcish Mines.
 19196 | Orc:1    | Entered Level 1 of the Orcish Mines
 19697 | Orc:2    | Entered Level 2 of the Orcish Mines
 19697 | Orc:2    | Found a staircase to the Elven Halls.
 20007 | Orc:2    | Noticed Erolcha
 20010 | Orc:2    | Found a roughly hewn altar of Beogh.
 20018 | Orc:2    | Killed Erolcha
 20066 | Orc:2    | Found Wesooh's Gadget Emporium.
 20114 | Orc:2    | Found Henem's Antique Armour Shop.
 20129 | Orc:2    | Received a gift from Trog
 20148 | Orc:2    | Bought a translucent scale mail for 252 gold pieces
 20158 | Orc:2    | Identified the cursed +1 scale mail of the Lobster {SInv}
                  | (You bought it in a shop on level 2 of the Orcish Mines)
 20176 | Orc:2    | Found a roughly hewn altar of Beogh.
 20474 | Orc:2    | Found Asyaq's Weapon Shop.
 20474 | Orc:2    | Found Jaymm's Book Emporium.
 20516 | Orc:2    | Reached XP level 16. HP: 45/110 MP: 16/16
 20886 | Orc:2    | Found Yngov's Magic Scroll Shop.
 20891 | Orc:2    | Bought 2 scrolls of teleportation for 90 gold pieces
 20891 | Orc:2    | Bought a scroll of blinking for 112 gold pieces
 20891 | Orc:2    | Bought a scroll of teleportation for 45 gold pieces
 21418 | D:13     | Received a gift from Trog
 22148 | D:13     | Reached skill level 16 in Maces & Flails
 22283 | D:14     | Found a huge runed translucent gate.
 22283 | D:14     | Found a huge runed translucent gate.
 22283 | D:14     | Found a huge runed translucent gate.
 22316 | D:14     | Found a frozen archway.
 22342 | IceCv    | Entered an ice cave
 22757 | IceCv    | Received a gift from Trog
 23310 | D:14     | Found a portal to a secret trove of treasure.
 23314 | D:14     | You paid a toll of 13 scrolls of teleportation to enter a
                  | treasure trove
 23315 | Trove    | Entered a treasure trove
 23325 | Trove    | Got a vibrating ruby amulet
 23332 | Trove    | Got a pair of pitted boots
 23334 | Trove    | Got a glittering golden ring
 23336 | Trove    | Got a bloodstained shield
 23502 | D:14     | Identified the +1 pair of boots of the Disturbing Wars {rF+
                  | rN+ Int+3} (You found it in a treasure trove)
 23511 | D:14     | Identified the +4 shield of Biycabb {rElec rCorr Int+3}
                  | (You found it in a treasure trove)
 23518 | D:14     | Identified the amulet "Deips" {Reflect rN+ SH+2} (You found
                  | it in a treasure trove)
 23523 | D:14     | Identified the ring of Hipsuir {Ice rElec rN+ Int+2} (You
                  | found it in a treasure trove)
 23812 | D:14     | Received a gift from Trog
 23813 | D:14     | Found the +11 plutonium sword {*Contam Stlth-}
 23852 | D:14     | Found a gate to the Vaults.
 23921 | D:14     | Identified the +4 shield "Buggist" {rC+}
 24119 | D:14     | Found a huge runed translucent gate.
 24367 | D:15     | Entered Level 15 of the Dungeon
 24469 | D:15     | Reached XP level 17. HP: 103/116 MP: 17/17
 24487 | D:15     | Received a gift from Trog
 24520 | D:15     | Found a gate leading to a gauntlet.
 24572 | D:15     | Noticed Josephine
 24583 | D:15     | Killed Josephine
 24634 | D:15     | Reached skill level 17 in Maces & Flails
 24703 | Gauntlet | Entered a Gauntlet
 24703 | Gauntlet | Found a transporter.
 24703 | Gauntlet | Found a transporter.
 24703 | Gauntlet | Found a transporter.
 24715 | Gauntlet | Found a transporter.
 24718 | Gauntlet | Found a transporter.
 24724 | Gauntlet | Found a runed translucent gate.
 24724 | Gauntlet | Found a runed translucent gate.
 24724 | Gauntlet | Found a runed translucent gate.
 24726 | Gauntlet | Found a transporter.
 24729 | Gauntlet | Found a transporter.
 24741 | Gauntlet | Found a transporter.
 24758 | Gauntlet | Found a transporter.
 24777 | Gauntlet | Found a transporter.
 24778 | Gauntlet | Found a transporter.
 24780 | Gauntlet | Found a runed translucent gate.
 24780 | Gauntlet | Found a runed translucent gate.
 24780 | Gauntlet | Found a runed translucent gate.
 24781 | Gauntlet | Found a large runed translucent door.
 24781 | Gauntlet | Found a large runed translucent door.
 24782 | Gauntlet | Found a large runed translucent door.
 24782 | Gauntlet | Found a large runed translucent door.
 24783 | Gauntlet | Found a large runed translucent door.
 24783 | Gauntlet | Found a large runed translucent door.
 24783 | Gauntlet | Found a large runed translucent door.
 24795 | Gauntlet | Found a large runed translucent door.
 24795 | Gauntlet | Found a large runed translucent door.
 24795 | Gauntlet | Found a runed translucent door.
 24795 | Gauntlet | Found a runed translucent door.
 24796 | Gauntlet | Found a large runed translucent door.
 24797 | Gauntlet | Found a large runed translucent door.
 24799 | Gauntlet | Found a transporter.
 24838 | Gauntlet | Found a large runed translucent door.
 24839 | Gauntlet | Found a large runed translucent door.
 24840 | Gauntlet | Found a large runed translucent door.
 24840 | Gauntlet | Found a large runed translucent door.
 24843 | Gauntlet | Found a large runed translucent door.
 25071 | Gauntlet | Got a smoking scale mail
 25079 | Gauntlet | Identified the +5 scale mail "Yxkex" {rF+ rN+ Int-5 Dex+5}
                  | (You found it in a Gauntlet)
 25154 | Gauntlet | Identified the +4 scale mail "Apeaxirgh" {rCorr}
 25446 | D:15     | Found a staircase to the Depths.
 26111 | Shoals:1 | Entered Level 1 of the Shoals
 27489 | Shoals:2 | Noticed Donald
 27495 | Shoals:2 | Killed Donald
 27570 | Shoals:2 | Reached skill level 15 in Dodging
 27666 | Shoals:2 | Received a gift from Trog
 27952 | Shoals:3 | Found Cuifell's Antique Armour Boutique.
 28244 | Shoals:3 | Noticed Nikola
 28257 | Shoals:3 | Killed Nikola
 28414 | Shoals:3 | Noticed a kraken
 28434 | Shoals:3 | Killed a kraken
 28807 | Shoals:3 | Noticed Aizul
 28812 | Shoals:3 | Killed Aizul
 29140 | Shoals:4 | Entered Level 4 of the Shoals
 29150 | Shoals:4 | Reached XP level 18. HP: 124/124 MP: 18/18
 29537 | Shoals:4 | Reached skill level 18 in Maces & Flails
 29538 | Shoals:4 | Noticed Ilsuiw
 29580 | Shoals:4 | Received a gift from Trog
 29675 | Shoals:4 | Killed Ilsuiw
 30501 | Shoals:4 | Got a barnacled rune of Zot
 31125 | Shoals:3 | Bought a jewelled chain mail for 342 gold pieces
 31135 | Shoals:3 | Identified the +1 chain mail "Geih" {rPois Int+2 Dex+4
                  | Stlth+} (You bought it in a shop on level 3 of the Shoals)
 31368 | Spider:1 | Entered Level 1 of the Spider Nest
 31381 | Spider:1 | Received a gift from Trog
 31955 | Spider:1 | Noticed Frances
 31999 | Spider:1 | Killed Frances
 32343 | Spider:1 | Reached skill level 15 in Armour
 32383 | Spider:1 | Identified a scroll of acquirement
 32384 | Spider:1 | Identified the +2 pair of boots "Raluash" {rPois rC+} (You
                  | acquired it on level 1 of the Spider Nest)
 32863 | Spider:2 | Received a gift from Trog
 33035 | Spider:2 | Reached XP level 19. HP: 130/130 MP: 19/19
 33276 | Spider:2 | Noticed Arachne
 33308 | Spider:2 | Received a gift from Trog
 33318 | Spider:2 | Killed Arachne
 33882 | Spider:3 | Reached skill level 19 in Maces & Flails
 34221 | Spider:4 | Entered Level 4 of the Spider Nest
 34509 | Spider:4 | Received a gift from Trog
 35249 | Spider:4 | Received a gift from Trog
 35661 | Spider:4 | Got a gossamer rune of Zot
 35778 | Spider:3 | Got an ebony dagger
 35779 | Spider:3 | Identified the cursed +3 dagger of Quqeoxka {flame, +Rage
                  | MR+ Str-5 Int+4 Stlth+} (You found it on level 3 of the
                  | Spider Nest)
 36165 | Vaults:1 | Entered Level 1 of the Vaults
 36473 | Vaults:1 | Reached XP level 20. HP: 95/137 MP: 20/20
 36864 | Vaults:1 | Found a gateway to a bazaar.
 36874 | Bazaar   | Entered a bazaar
 36892 | Bazaar   | Found Vyxucye's Book Emporium.
 36915 | Bazaar   | Found Ucziyc's Armour Shoppe.
 36984 | Bazaar   | Bought the +2 hat of Cubonull {Slay+3} for 403 gold pieces
 37122 | Vaults:1 | Received a gift from Trog
 38060 | Vaults:1 | Received a gift from Trog
 38440 | Vaults:2 | Reached skill level 20 in Maces & Flails
 38506 | Vaults:2 | Found a staircase to the Crypt.
 38675 | Vaults:2 | Found the +9 heavy crossbow "Sniper" {velocity, Acc+∞ SInv}
 38861 | Vaults:2 | Received a gift from Trog
 39081 | Vaults:2 | Got a twisted leather armour
 39087 | Vaults:2 | Identified the cursed +0 leather armour of Virtue {Slay+2}
                  | (You found it on level 2 of the Vaults)
 39339 | Vaults:2 | Noticed a Tzitzimitl
 39395 | Vaults:2 | Noticed Margery
 39401 | Vaults:2 | Reached XP level 21. HP: 121/144 MP: 21/21
 39429 | Vaults:2 | Killed Margery
 40760 | Elf:1    | Entered Level 1 of the Elven Halls
 40802 | Elf:1    | Received a gift from Trog
 40803 | Elf:1    | Got an ivory great mace {god gift}
 40874 | Elf:1    | Identified the +10 great mace of Qiatt {crush, Fragile
                  | Int+3 Dex+4} (Trog gifted it to you on level 1 of the Elven
                  | Halls)
 41226 | Elf:1    | Received a gift from Trog
 41985 | Elf:2    | Found Jet Tun's Assorted Antiques.
 41991 | Elf:2    | Found Quel's Antique Weapon Emporium.
 41998 | Elf:2    | Received a gift from Trog
 42067 | Elf:2    | Bought a flickering granite ring for 155 gold pieces
 42078 | Elf:2    | Identified the ring "Biolan" {Wiz rElec rN+++ Slay-2 SInv}
                  | (You bought it in a shop on level 2 of the Elven Halls)
 42628 | Elf:2    | Found a huge runed translucent gate.
 42629 | Elf:2    | Found a huge runed translucent gate.
 42630 | Elf:2    | Found a huge runed translucent gate.
 42631 | Elf:2    | Found a huge runed translucent gate.
 42632 | Elf:2    | Found a huge runed translucent gate.
 42687 | Elf:2    | Received a gift from Trog
 43111 | Elf:3    | Entered Level 3 of the Elven Halls
 43291 | Elf:3    | Received a gift from Trog
 43302 | Elf:3    | Reached XP level 22. HP: 117/152 MP: 22/22
 43477 | Elf:3    | Identified the +6 battleaxe "Qeot" {flame, rPois rN+ MR+}
 43477 | Elf:3    | Identified the +2 robe of Day {SInv}
 43477 | Elf:3    | Identified the ring of Makhleb's Envy {Ice rPois MR+}
 43485 | Elf:3    | Identified the +1 leather armour "Alarghif" {rElec MR+}
 43732 | Elf:3    | Found Affuh's Food Shop.
 43855 | Elf:3    | Identified the +8 trident "Spiderslayer" {pierce, +Blink
                  | rN++}
 43934 | Elf:3    | Identified the +10 chain mail "Dickoq" {MR+}
 43965 | Elf:3    | Received a gift from Trog
 43965 | Elf:3    | Reached skill level 21 in Maces & Flails
 44483 | Elf:3    | Identified the +11 hand axe of the Rat {drain, *Contam
                  | *Drain rPois Str+5}
 44542 | Elf:3    | Got an ichor-stained arbalest
 44551 | Elf:3    | Got a scorched dagger
 44678 | Elf:3    | Identified the +3 arbalest of Impermanence {penet, rPois
                  | rC+ Str+3 Stlth+} (You found it on level 3 of the Elven
                  | Halls)
 44679 | Elf:3    | Identified the cursed +1 dagger of Hacking and Slashing
                  | {venom, +Blink +Rage Int+8} (You found it on level 3 of the
                  | Elven Halls)
 46326 | Vaults:3 | Upgraded the game from 0.25-a0-413-g3b4b6a4ccc to
                  | 0.25-a0-419-g7650d0de75
 46539 | Vaults:3 | Found Sickyicw's Weapon Boutique.
 46732 | Vaults:3 | Received a gift from Trog
 47353 | Vaults:3 | Received a gift from Trog
 47926 | Vaults:4 | Gained mutation: You are weak. (Str -2) [a neqoxec]
 48056 | Vaults:4 | Reached XP level 23. HP: 138/158 MP: 23/23
 48128 | Vaults:4 | Received a gift from Trog
 48914 | Vaults:5 | Entered Level 5 of the Vaults
 48969 | Crypt:1  | Entered Level 1 of the Crypt
 49415 | Crypt:1  | Reached ****** piety under Trog
 49446 | Crypt:1  | Received a gift from Trog
 50248 | Crypt:2  | Received a gift from Trog
 50406 | Crypt:2  | Found an opulent altar of Gozag.
 50407 | Crypt:2  | Found a runed translucent gate.
 50407 | Crypt:2  | Found a runed translucent gate.
 50407 | Crypt:2  | Found a runed translucent gate.
 50407 | Crypt:2  | Found Lecum's Assorted Antiques.
 50407 | Crypt:2  | Noticed Muecso's ghost (adept GrFi)
 50437 | Crypt:2  | Killed Muecso's ghost
 50471 | Crypt:2  | Bought a scroll of identify for 44 gold pieces
 50625 | Crypt:2  | Got a warped fustibalus
 50693 | Crypt:3  | Entered Level 3 of the Crypt
 50855 | Crypt:3  | Reached skill level 22 in Maces & Flails
 50869 | Crypt:3  | Received a gift from Trog
 50890 | Crypt:3  | Reached XP level 24. HP: 130/166 MP: 23/23
 50921 | Crypt:3  | Found an ancient bone altar of Kikubaaqudgha.
 51164 | Crypt:3  | Noticed Jory
 51194 | Crypt:3  | Killed Jory
 51552 | Crypt:3  | Received a gift from Trog
 51989 | Crypt:3  | Found a staircase to the Tomb.
 52652 | Vaults:1 | Got a polished glaive
 53866 | Vaults:5 | Received a gift from Trog
 53937 | Vaults:5 | Got a steaming dire flail {god gift}
 54086 | Vaults:5 | Reached XP level 25. HP: 72/173 MP: 23/23
 54158 | Vaults:5 | Received a gift from Trog
 54179 | Vaults:5 | Identified the ring "Allilayst" {Ice rElec MR- Str+4
                  | Slay+4}
 54415 | Vaults:5 | Got a fine scale mail
 54416 | Vaults:5 | Identified the +8 dire flail of Propriety {vorpal, rElec
                  | rPois} (Trog gifted it to you on level 5 of the Vaults)
 54427 | Vaults:5 | Identified the +1 scale mail "Neubel" {rElec} (You found it
                  | on level 5 of the Vaults)
 54659 | Vaults:5 | Got a silver rune of Zot
 54703 | Vaults:5 | Identified the cursed +3 battleaxe of Xiwnohye {freeze,
                  | rElec}
 55306 | Vaults:5 | Got an ominously black robe
 55981 | Orc:2    | Bought a scroll of immolation for 52 gold pieces
 56582 | Tomb:1   | Entered Level 1 of the Tomb of the Ancients
 56784 | Tomb:1   | Received a gift from Trog
 56808 | Tomb:1   | Reached skill level 23 in Maces & Flails
 57137 | Tomb:1   | Noticed a greater mummy
 57137 | Tomb:1   | Noticed a greater mummy
 57144 | Tomb:1   | Noticed a greater mummy
 57152 | Tomb:1   | Killed a greater mummy
 58134 | Tomb:1   | Received a gift from Trog
 58315 | Tomb:2   | Noticed a greater mummy
 58319 | Tomb:2   | Noticed a greater mummy
 58319 | Tomb:2   | Noticed a greater mummy
 58328 | Tomb:2   | Noticed a greater mummy
 58328 | Tomb:2   | Noticed a greater mummy
 58344 | Tomb:2   | HP: 8/175 [mummy priest/divine providence (15)]
 58345 | Tomb:2   | HP: 2/175 [emperor scorpion[a greater mummy] (6)]
 58387 | Tomb:2   | HP: 6/175 [greater mummy/divine providence (10)]
 58390 | Tomb:2   | Slain by an emperor scorpion

Levels and vault maps discovered:
D:1:      dpeg_arrival_pond, layout_basic
D:2:      layout_basic, chequers_temple_overflow_statue_of_worship,
          chequers_garden, cheibriados_altar_1, uniq_natasha
D:3:      layout_basic, portal_sewer_entry_e
D:4:      minmay_general_purpose_star, layout_gridville,
          ebering_ghost_inner_flame
D:5:      layout_cave_pools, nicolae_overflow_crystal_walls,
          overflow_temple_1_default, old_standard_altar, marbit_many_paths,
          minmay_temple_entry_gardened_gates, first_ration, minmay_between
D:6:      layout_basic, serial_shops, shop
D:7:      kennysheep_six_static_rooms, layout_basic, lemuel_blue_sif_altar,
          the_bakery, st_stairs_13, uniq_harold, uniq_joseph
D:8:      layout_gridville, lightli_temple_of_fire, elyvilon_altar_3,
          fedhas_altar_3
D:9:      layout_basic, ashenzari_altar_1, nicolae_dithmenos_shadow_blocks,
          zin_academy, grunt_lair_entry_orc_guard_hut
D:10:     layout_roguey, nrook_guardian_serpent_ordinary, uniq_gastronok,
          uniq_nergalle, uniq_maurice
D:11:     minmay_the_grid_octo_tiled_squarecenter
          [minmay_the_grid_octo_vomiting_pacman,
          minmay_the_grid_octo_checkerflower, minmay_the_grid_octo_odd_swirl,
          minmay_the_grid_octo_checkered,
          minmay_the_grid_square_5x5_megaprize_open,
          minmay_the_grid_square_5x5_tie, minmay_the_grid_square_5x5_detours,
          minmay_the_grid_square_5x5_inverted_slash,
          minmay_the_grid_square_5x5_three_walls], layout_rooms
D:12:     layout_basic, erik_orc_1, serial_shops,
          nicolae_shop_competitors_out_of_business, minmay_misc_feat_plants,
          kennysheep_generic_room_3, uniq_psyche, uniq_jorgrun, uniq_sonja,
          uniq_fannar
D:13:     layout_layer_cave, minivault_22
D:14:     lemuel_bear_cage, layout_basic, grunt_vaults_entry_fortified,
          enter_trove_5, serial_ice, serial_ice_a, serial_ice_e, serial_ice_c,
          serial_ice_j, portal_ice_cave_demonic_guard, minmay_fractal_squares_5
D:15:     grunt_enter_depths_magical_seal, layout_cave_pools,
          gauntlet_entry_generic, grunt_decor_cap, uniq_josephine
Temple:   nicolae_temple_figure_zero
Lair:1:   layout_small_grid, grunt_megastairs_2
Lair:2:   layout_long_grid, elwin_shoals_entry_rocks
Lair:3:   layout_cave_pods, minmay_lair_oklob_chamber, serial_bayou_shore_a
Lair:4:   layout_layer_cave, dummy_spider_entry, uniq_snorg
Lair:5:   layout_hall_layers, slime_altar_2, nicolae_volcano_entry_lava_flow,
          infiniplex_staircase_pool_2, lemuel_fruit_fields, grunt_megastairs_4
Lair:6:   hangedman_lair_caniforms_friends, layout_layer_cave,
          hangedman_lair_tendril_chambers
Shoals:1: layout_shoals
Shoals:2: layout_shoals, uniq_donald
Shoals:3: layout_shoals, serial_shops, shop, nicolae_shoals_loop_pool,
          uniq_nikola, uniq_aizul
Shoals:4: shoals_end_hangedman, layout_shoals, shoals_ilsuiw_ice,
          nicolae_shoals_arrival_archipelago
Spider:1: layout_spider_delve, drop_trap, uniq_frances
Spider:2: layout_spider_delve, nicolae_arachne_temple
Spider:3: layout_spider_delve, drop_trap
Spider:4: grunt_spider_rune_island
Orc:1:    layout_caves
Orc:2:    st_orc_town, layout_caves, serial_shops, shop, basic_altar,
          uniq_erolcha
Elf:1:    layout_loops_corners, minivault_28, einodemon_crawler_minivault
Elf:2:    layout_geoelf_octagon, serial_shops, shop, shop
Elf:3:    grunt_elf_hall_diamonds, layout_loops_cross, serial_shops, shop
Vaults:1: nicolae_vaults_network_square, dpeg_vaults_monster_box,
          hangedman_vaults_stitches, hangedman_vaults_unwind,
          nicolae_vaults_what_the_h, vaults_room_fours,
          nicolae_vaults_little_squares_1, nicolae_vaults_little_squares_2,
          ontoclasm_vaults_misaligned, v_misc_25, dpeg_vaults_waves,
          nicolae_vaults_theta, vaults_room_pools, layout_vaults_omnibox,
          serial_shops, statue_bzr
Vaults:2: minmay_guarded_unrand_secular_launcher, hangedman_vaults_stagger,
          vaults_room_pools, nicolae_vaults_rhombus_7,
          nicolae_vaults_ring_of_whatevers, v_misc_14, vaults_room_hallway,
          nicolae_vaults_puzzle_piece, ontoclasm_vaults_ligature, v_misc_26,
          vaults_mumra_minichess_inversion, layout_vaults_omnigrid,
          dummy_crypt_entry, uniq_margery
Vaults:3: v_alt_pattern_4, hangedman_vaults_nails, vaults_dpeg_cross,
          ontoclasm_vaults_eye, v_pattern_3, ontoclasm_vaults_bender,
          st_spiral_rooms, layout_vaults_omnicross, serial_shops,
          nicolae_shop_behind_doors
Vaults:4: vaults_room_ringed_pool, hangedman_vaults_capsules,
          grunt_vaults_bifocal, v_misc_5, nicolae_vaults_rhombus_5,
          hangedman_vaults_river_flow, nicolae_vaults_little_ls, st_lines,
          nicolae_vaults_circle_grid_a, nicolae_vaults_puzzle_piece,
          vaults_dpeg_diagonal, nicolae_vaults_little_squares_4,
          grunt_vaults_hallway_short, layout_vaults_ring
Vaults:5
Crypt:1:  layout_regular_city, grunt_ministairs_10
Crypt:2:  layout_rooms, ebering_ghost_gozag, lemuel_freeze_loot_1
Crypt:3:  church_of_pain_bobbens, layout_chaotic_city,
          nicolae_tomb_entry_rubble_hallway
Tomb:1
Tomb:2

Skill      XL: |  1  2  3  4  5  6  7  8  9 10 11 12 13 14 15 16 17 18 19 20 21 22 23 24 25 |
---------------+----------------------------------------------------------------------------+-----
Dodging        | 2 3 5 6 7 9 10 11 12 13 14 15 16 17 18 19 20 | 20.1
Armour         | 3 4 5 6 7 8 9 10 11 12 13 14 15 16 17 18 19 20 21 | 21.2
Fighting       | 4 5 7 8 10 11 13 14 15 16 17 18 19 20 21 22 | 22.9
Maces & Flails | 4 5 6 8 9 11 12 13 14 15 16 17 18 19 20 21 22 23 | 23.2

Action                   |  1- 3 |  4- 6 |  7- 9 | 10-12 | 13-15 | 16-18 | 19-21 | 22-24 | 25-27 || total
-------------------------+-------+-------+-------+-------+-------+-------+-------+-------+-------++-------
Melee: Mace              |   136 |    76 |       |       |       |       |       |       |       ||   212
       Flail             |       |   217 |    80 |   127 |       |       |       |       |       ||   424
       Morningstar       |       |       |   352 |   365 |       |       |       |       |       ||   717
       Dire flail        |       |       |       |   233 |  1326 |  1643 |  1197 |       |       ||  4399
       Unarmed           |       |       |       |       |       |       |    19 |       |       ||    19
       Great mace        |       |       |       |       |       |       |   330 |  1407 |   389 ||  2126
Throw: Throwing net      |       |       |       |       |     1 |       |       |       |       ||     1
Invok: Berserk           |     3 |     2 |    12 |     9 |     9 |     4 |     5 |     2 |     1 ||    47
       Brothers in Arms  |       |       |     1 |     1 |       |     2 |     4 |     3 |     2 ||    13
       Trog's Hand       |       |       |       |     2 |     1 |     3 |     3 |     4 |     4 ||    17
 Abil: Fly               |       |       |       |       |     1 |       |       |       |       ||     1
Evoke: Wand              |       |       |     2 |       |       |     2 |     4 |       |       ||     8
  Use: Scroll            |       |     4 |    12 |     6 |     7 |    12 |     4 |    16 |    10 ||    71
       Potion            |       |     6 |       |       |     1 |     1 |     1 |     9 |     8 ||    26
 Stab: Sleeping          |     1 |       |       |       |     8 |     5 |     3 |       |       ||    17
       Confused          |       |       |       |       |     3 |       |       |       |       ||     3
       Distracted        |       |       |       |       |       |     2 |     1 |     1 |     2 ||     6
       Held in net/web   |       |       |       |       |       |       |     1 |       |       ||     1
  Eat: Chunk             |     3 |     9 |    25 |    29 |    33 |    43 |    34 |    16 |     5 ||   197
       Ration            |       |       |       |       |     1 |     1 |     2 |     7 |     4 ||    15
Armor: Animal skin       |    39 |       |       |       |       |       |       |       |       ||    39
       Scale mail        |    31 |   314 |   320 |       |    13 |   366 |   502 |    35 |       ||  1581
       Chain mail        |       |       |    11 |   506 |   228 |       |       |   603 |   316 ||  1664
       Ring mail         |       |       |       |       |   268 |   192 |       |       |       ||   460
Dodge: Dodged            |    99 |   301 |   319 |   489 |  1102 |  1647 |  1597 |  1240 |   645 ||  7439
       Deflected         |       |       |       |       |     3 |    71 |    45 |    62 |    12 ||   193
Block: Other             |       |       |       |       |    19 |    39 |    43 |    80 |    37 ||   218
       Reflection        |       |       |       |       |     2 |     3 |     2 |     9 |       ||    16

Table legend:
 A = Non-vault XP
 B = Vault XP
 C = Vault XP percentage of total XP
 D = Non-vault monster count
 E = Vault monster count
 F = Vault count percentage of total count
                 A         B        C        D         E       F
            +---------+---------+-------+---------+---------+-------
      Total |  508210 |  592328 |  53.8 |    1378 |    1014 |  42.4
            +---------+---------+-------+---------+---------+-------
        D:1 |      42 |       0 |   0.0 |      28 |       0 |   0.0
        D:2 |     131 |      35 |  21.1 |      26 |       1 |   3.7
        D:3 |      96 |       0 |   0.0 |      24 |       0 |   0.0
        D:4 |     471 |     377 |  44.5 |      21 |       5 |  19.2
        D:5 |     759 |     205 |  21.3 |      18 |       4 |  18.2
        D:6 |     879 |       0 |   0.0 |      26 |       0 |   0.0
        D:7 |    1569 |    1948 |  55.4 |      41 |      11 |  21.2
        D:8 |    2842 |       0 |   0.0 |      29 |       0 |   0.0
        D:9 |    1649 |     847 |  33.9 |      16 |       6 |  27.3
       D:10 |    3370 |    3888 |  53.6 |      28 |       4 |  12.5
       D:11 |    6531 |    6258 |  48.9 |      29 |      26 |  47.3
       D:12 |    5583 |    6214 |  52.7 |      37 |      22 |  37.3
       D:13 |   10619 |       0 |   0.0 |      47 |       0 |   0.0
       D:14 |   10542 |   17677 |  62.6 |      38 |      54 |  58.7
       D:15 |   15679 |    7418 |  32.1 |      36 |      15 |  29.4
     Lair:1 |    3229 |    2061 |  39.0 |      13 |       9 |  40.9
     Lair:2 |    6396 |       0 |   0.0 |      27 |       0 |   0.0
     Lair:3 |    2509 |     987 |  28.2 |      16 |       2 |  11.1
     Lair:4 |    5349 |    1123 |  17.4 |       8 |       1 |  11.1
     Lair:5 |    9040 |    4561 |  33.5 |      21 |      12 |  36.4
     Lair:6 |   11853 |   21362 |  64.3 |      41 |      94 |  69.6
   Shoals:1 |   12998 |       0 |   0.0 |      31 |       0 |   0.0
   Shoals:2 |    8417 |    1874 |  18.2 |      15 |       1 |   6.2
   Shoals:3 |    8542 |    5776 |  40.3 |      15 |       2 |  11.8
   Shoals:4 |   17278 |   25391 |  59.5 |      39 |      33 |  45.8
   Spider:1 |   17911 |    2189 |  10.9 |      51 |       1 |   1.9
   Spider:2 |   16122 |   14574 |  47.5 |      50 |      33 |  39.8
   Spider:3 |   15050 |    1799 |  10.7 |      44 |       4 |   8.3
   Spider:4 |   12577 |   23020 |  64.7 |      41 |      40 |  49.4
      Orc:1 |    1814 |       0 |   0.0 |      22 |       0 |   0.0
      Orc:2 |    1458 |    8567 |  85.5 |      18 |      55 |  75.3
      Elf:1 |   32035 |    8826 |  21.6 |      51 |      19 |  27.1
      Elf:2 |   15544 |   22670 |  59.3 |      27 |      31 |  53.4
      Elf:3 |   12333 |   35310 |  74.1 |      22 |      25 |  53.2
   Vaults:1 |   23474 |   30426 |  56.4 |      42 |      58 |  58.0
   Vaults:2 |   29244 |   33786 |  53.6 |      52 |      40 |  43.5
   Vaults:3 |   37943 |   19312 |  33.7 |      65 |      26 |  28.6
   Vaults:4 |   34850 |   15563 |  30.9 |      50 |      26 |  34.2
   Vaults:5 |   30988 |  118813 |  79.3 |      43 |      85 |  66.4
    Crypt:1 |   35296 |    2382 |   6.3 |      50 |       4 |   7.4
    Crypt:2 |   18948 |    9197 |  32.7 |      29 |       8 |  21.6
    Crypt:3 |   13195 |   58148 |  81.5 |      21 |      74 |  77.9
     Tomb:1 |   10522 |   53842 |  83.7 |      23 |      50 |  68.5
     Tomb:2 |    2533 |    4339 |  63.1 |       7 |      12 |  63.2
      Sewer |       0 |     350 | 100.0 |       0 |      48 | 100.0
      IceCv |       0 |   10126 | 100.0 |       0 |      41 | 100.0
    Volcano |       0 |    5534 | 100.0 |       0 |      21 | 100.0
   Gauntlet |       0 |    5553 | 100.0 |       0 |      11 | 100.0
            +---------+---------+-------+---------+---------+-------
